 Dungeon Crawl Stone Soup version 0.27-a0-1149-g4505690ab0 (webtiles) character file.

Game seed: 3121513737050754910

11 sizableburger the Magician (level 2, -1/22 HPs)
             Began as a Mummy Warper on May 14, 2021.
             Slain by a quokka (5 damage)
             ... on level 1 of the Dungeon.
             The game lasted 00:00:40 (464 turns).

sizableburger the Magician (Mummy Warper)            Turns: 464, Time: 00:00:41

Health: -1/22      AC:  3    Str: 14    XL:     2   Next: 13%
Magic:  5/5        EV: 11    Int: 12    God:
Gold:   28         SH:  0    Dex: 11    Spells: 6/6 levels left

rFire    x . .     SeeInvis .   a - +0 mace
rCold    + . .     Faith    .   (no shield)
rNeg     + + +     Spirit   .   b - +0 leather armour
rPois    ∞         Reflect  .   (no helmet)
rElec    .         Harm     .   (no cloak)
rCorr    .         Rampage  .   (no gloves)
Will     .....                  (no boots)
Stlth    +.........             (no amulet)
HPRegen  0.07/turn              (no ring)
MPRegen  0.09/turn              (no ring)

@: no status effects
A: cold resistance 1, negative energy resistance 3, torment resistance 2, heat
vulnerability 1, no potions
a: no special abilities


You were on level 1 of the Dungeon.
You visited 1 branch of the dungeon, and saw 1 of its levels.

You collected 28 gold pieces.

Inventory:

Hand Weapons
 a - a +0 mace (weapon)
Missiles
 e - 3 boomerangs of dispersal (quivered)
Armour
 b - a +0 leather armour (worn)
Scrolls
 c - a scroll of fear {unknown}
 d - a scroll of blinking


   Skills:
 - Level 2.1 Fighting
 + Level 2.2 Maces & Flails
 - Level 0.7 Throwing
 - Level 0.7 Armour
 - Level 1.5 Dodging
 - Level 2.6 Spellcasting
 - Level 2.4 Translocations


You had 6 spell levels left.
You didn't know any spells.
Your spell library contained the following spells:

 Spells                   Type           Power      Damage    Failure   Level
 Blink                    Tloc           N/A        N/A       19%         2
 Gell's Gravitas          Tloc           3%         N/A       34%         3
 Lesser Beckoning         Tloc           3%         N/A       34%         3
 Teleport Other           Tloc           7%         N/A       34%         3
 Manifold Assault         Tloc           7%         N/A       97%         5


Dungeon Overview and Level Annotations

Branches:
Dungeon (1/15)

Altars:


Innate Abilities, Weirdness & Mutations

You are immune to poison.
Your flesh is cold resistant. (rC+)
You are immune to negative energy. (rN+++)
You are immune to unholy pain and torment.
You are vulnerable to heat. (rF-)
You do not drink.


Message History

You are too injured to fight recklessly!
You are too injured to fight recklessly!
You are too injured to fight recklessly!
You are too injured to fight recklessly!
You are too injured to fight recklessly!
You are too injured to fight recklessly!
You are too injured to fight recklessly!
You are too injured to fight recklessly!
You are too injured to fight recklessly!
You are too injured to fight recklessly!
You are too injured to fight recklessly!
You hit the hobgoblin.
You kill the hobgoblin!
The quokka bites you.
You barely miss the quokka. The quokka bites you.
You hit the quokka.
The quokka is severely wounded.
The quokka barely misses you. The quokka bites you.
You closely miss the quokka.
The quokka is severely wounded.
The quokka bites you.
You barely miss the quokka.
The quokka is severely wounded.
The quokka bites you.
* * * LOW HITPOINT WARNING * * *
The quokka bites you but does no damage.
Throw: 5 boomerangs (disperse)
Press: ? - help, Q - select action Shift-Dir - straight line, f - quokka
Aim: a quokka (severely wounded, 43% to hit)
You throw a boomerang of dispersal.
The boomerang of dispersal misses the quokka.
The quokka bites you.
* * * LOW HITPOINT WARNING * * *
Throw: 4 boomerangs (disperse)
Press: ? - help, Q - select action Shift-Dir - straight line, f/p - quokka
Aim: a quokka (severely wounded, 43% to hit)
You throw a boomerang of dispersal.
The boomerang of dispersal closely misses the quokka.
The quokka bites you.
You die...

......⌠......+
.............# #....
###.......####.. #......
#......<# .. ....... ##
###...### .. ....... .#
#...# .#....... .# #...#
.........
.#################........
........>.......@r[.......
................##.#......
.........####.####....###
.........####.##......#
.................#....#
................##....#
..†.............##....#
.......................
.........##..##...[.....


You could see a quokka.

Vanquished Creatures
  2 ball pythons (D:1)
  A bat (D:1)
  2 endoplasms (D:1)
  A goblin (D:1)
  2 hobgoblins (D:1)
  A rat (D:1)
9 creatures vanquished.

Notes
Turn   | Place    | Note
-------+----------+-------------------------------------------
     0 | D:1      | sizableburger the Mummy Warper began the quest for the Orb.
     0 | D:1      | Reached XP level 1. HP: 16/16 MP: 4/4
   365 | D:1      | Reached XP level 2. HP: 17/22 MP: 5/5
   464 | D:1      | Slain by a quokka

Illustrated notes

Levels and vault maps discovered:
D:1:      minmay_arrival_cross, layout_rooms, serial_shops,
          nicolae_shop_waterfront, shop, chequers_serial_rivers_micro_c

Skill      XL: |  1 |
---------------+----+-----
Maces & Flails | 2 |  2.2
Fighting       | |  2.1
Throwing       | |  0.7
Armour         | |  0.7
Dodging        | |  1.5
Spellcasting   | |  2.6
Translocations | |  2.4

Action                   || total
-------------------------++-------
Melee: Mace              ||    35
Throw: Boomerang         ||     2
Armor: Leather armour    ||     9
Dodge: Dodged            ||    17

Table legend: (Time is in decaauts)
 A = Elapsed time spent in this place.
 B = Non-inter-level travel time spent in this place.
 C = Inter-level travel time spent in this place.
 D = Time resting spent in this place.
 E = Time spent auto-exploring this place.
 F = Levels seen in this place.
 G = Mean time per level.
                   A        B        C        D        E       F      G
               +--------+--------+--------+--------+--------+-----+--------+
         Total |    474 |    474 |      0 |    311 |     86 |   1 |  474.0 |
       Dungeon |    474 |    474 |      0 |    311 |     86 |   1 |  474.0 |
               +--------+--------+--------+--------+--------+-----+--------+

Top non-repeatable levels by time:
     D:1: 474 daAuts
